 Dungeon Crawl Stone Soup version 0.28-a0-1429-gf3d713df7a (webtiles) character file.

Game seed: 18251950510593778931

45012 Hasart the Covert (level 14, 0/70 HPs)
             Began as a Kobold Enchanter on Jan 8, 2022.
             Was a High Priest of Hepliaklqana.
             Slain by an eight-headed hydra (11 damage)
             ... on level 6 of the Lair of Beasts.
             The game lasted 00:59:11 (23499 turns).

Hasart the Covert (Kobold Enchanter)               Turns: 23499, Time: 00:59:12

Health: 0/70       AC: 11    Str:  7    XL:     14   Next: 68%
Magic:  23/27      EV: 24    Int: 24    God:    Hepliaklqana [*****.]
Gold:   1230       SH:  5    Dex: 15    Spells: 20/31 levels left

rFire   + . .      SeeInvis +   R - +2 dagger (venom)
rCold   + + .      Faith    .   (no shield)
rNeg    . . .      Spirit   .   y - +1 robe {rF+}
rPois   +          Reflect  +   l - +1 helmet
rElec   .          Harm     .   B - +1 cloak
rCorr   .          Rampage  .   T - +0 pair of gloves
Will    ++...                   P - +2 pair of boots
Stlth   ++++++....              a - amulet of Idulog {Reflect Will+ SH+5 SInv}
HPRegen 0.21/turn               d - +4 ring of evasion
MPRegen 0.20/turn               G - ring of Guodecam {Wiz +Blink rPois rC++ Int+4}

@: no status effects
A: reduced essence, small, no large weapons, nightstalker 3
a: Renounce Religion, Evoke Blink, Recall Ancestor, Ancestor Identity,
Transference, Idealise


You were on level 6 of the Lair of Beasts.
You worshipped Hepliaklqana.
Hepliaklqana was extremely pleased with you.
You visited 3 branches of the dungeon, and saw 17 of its levels.

You collected 1230 gold pieces.

Inventory:

Hand Weapons
 k - a +2 hand axe of electrocution
 R - a +2 dagger of venom (weapon)
 X - a +5 quick blade of chaos
Missiles
 W - 2 throwing nets (quivered)
Armour
 l - a +1 helmet (worn)
 y - a +1 robe of fire resistance (worn)
 B - a +1 cloak (worn)
 F - +0 swamp dragon scales
 P - a +2 pair of boots (worn)
 T - a +0 pair of gloves (worn)
Jewellery
 a - the amulet of Idulog (around neck) {Reflect Will+ SH+5 SInv}
   (You acquired it on level 2 of the Dungeon)

   [amulet of reflection]

   It reflects blocked missile attacks.
   SInv:      It lets you see invisible.
   SH:        It affects your SH (+5).
   Will:      It increases your willpower.
 d - a +4 ring of evasion (left hand)
 i - a ring of fire
 u - the ring of Dishonour {rN+ SInv}
   (You found it on level 7 of the Dungeon)

   [ring of see invisible]

   rN:        It protects you from negative energy.
   SInv:      It lets you see invisible.
 x - a ring of flight
 G - the ring of Guodecam (right hand) {Wiz +Blink rPois rC++ Int+4}
   (You acquired it on level 9 of the Dungeon)

   [ring of wizardry]

   It improves your spell success rate.
   Int:       It affects your intelligence (+4).
   rC:        It greatly protects you from cold.
   rPois:     It protects you from poison.
   +Blink:    It lets you blink.
 Q - a ring of resist corrosion
 Z - a ring of protection from cold
Wands
 p - a wand of mindburst (16)
 t - a wand of iceblast (14)
 z - a wand of acid (22)
 J - a wand of paralysis (4)
 N - a wand of digging (3)
Scrolls
 b - 2 scrolls of magic mapping
 e - 2 scrolls of amnesia {unknown}
 f - 3 scrolls of immolation
 j - 2 scrolls of blinking
 q - 5 scrolls of fear
 r - 4 scrolls of fog
 s - 2 scrolls of enchant weapon
 A - 4 scrolls of enchant armour
 E - 6 scrolls of vulnerability
 H - 6 scrolls of teleportation
 K - 8 scrolls of identify
Potions
 c - a potion of invisibility
 g - 4 potions of heal wounds
 h - 6 potions of curing
 w - 6 potions of mutation
 D - 2 potions of lignification
 I - a potion of resistance
 L - 5 potions of berserk rage
 M - a potion of cancellation
 V - 6 potions of ambrosia
Miscellaneous
 Y - a box of beasts


   Skills:
 - Level 5.0 Fighting
 - Level 10.0 Short Blades
 - Level 4.9(5.0) Axes
 - Level 0.6(3.4) Maces & Flails
 + Level 11.1 Dodging
 + Level 13.3 Stealth
 + Level 9.3 Spellcasting
 * Level 13.1 Hexes
 - Level 5.0 Ice Magic
 - Level 5.0 Air Magic
 + Level 7.8 Evocations


You had 20 spell levels left.
You knew the following spells:

 Your Spells              Type           Power      Damage    Failure   Level
a - Ensorcelled Hibernat  Hex/Ice        100%       N/A       1%          2
b - Confusing Touch       Hex            65%        N/A       1%          3
c - Tukima's Dance        Hex            65%        N/A       1%          3
d - Swiftness             Air            35%        N/A       1%          3

Your spell library contained the following spells:

 Spells                   Type           Power      Damage    Failure   Level
 Shock                    Conj/Air       92%        1d8       1%          1
 Dazzling Flash           Conj/Hex       84%        N/A       1%          3
 Summon Guardian Golem    Hex/Summ       42%        N/A       1%          3
 Sandblast                Erth           22%        2d7       2%          1
 Summon Small Mammal      Summ           44%        N/A       2%          1
 Passwall                 Tmut/Erth      9%         N/A       3%          2
 Airstrike                Air            17%        N/A       3%          4
 Call Canine Familiar     Summ           11%        N/A       7%          3
 Stone Arrow              Conj/Erth      22%        3d8       7%          3
 Hailstorm                Conj/Ice       23%        3d7       9%          4
 Ice Form                 Ice/Tmut       23%        N/A       9%          4
 Blade Hands              Tmut           5%         N/A       52%         5
 Fireball                 Conj/Fire      5%         3d5       52%         5
 Irradiate                Conj/Tmut      5%         3d15      52%         5
 Simulacrum               Ice/Necr       11%        N/A       75%         6
 Starburst                Conj/Fire      5%         6d4       96%         6
 Dragon Form              Tmut           5%         N/A       100%        7
 Ignition                 Fire           5%         3d4       100%        8


Dungeon Overview and Level Annotations

Branches:
Dungeon (10/15)            Temple (1/1) D:5            Lair (6/6) D:9
  Swamp (0/4) Lair:3       Spider (0/4) Lair:2        Slime (0/5) Lair:6
    Orc: D:9-12

Altars:
Dithmenos
Elyvilon
Gozag
Hepliaklqana
Kikubaaqudgha
Nemelex Xobeh
Qazlal
Trog
Yredelemnul
Jiyva

Shops:
D:5 *   D:7 (   D:8 (!

Annotations:
D:9 1 runed translucent door


Innate Abilities, Weirdness & Mutations

Your life essence is reduced to manifest your ancestor. (-10% HP)
You are small and have problems with some larger weapons.
You are completely attuned to the shadows.


Message History

The eight-headed hydra easily resists.
The eight-headed hydra closely misses you.
The eight-headed hydra misses you.
The eight-headed hydra closely misses you.
The eight-headed hydra bites you! The eight-headed hydra misses you.
The eight-headed hydra bites you but does no damage.
The eight-headed hydra completely misses you.
The eight-headed hydra bites you!
Unknown command.
You hit the eight-headed hydra.
The eight-headed hydra is lightly wounded.
Unknown command.
You hit the eight-headed hydra.
The eight-headed hydra is lightly wounded.
You block the eight-headed hydra's attack.
The eight-headed hydra misses you.
The eight-headed hydra completely misses you.
The eight-headed hydra bites you!
The eight-headed hydra barely misses you.
You block the eight-headed hydra's attack.
The eight-headed hydra misses you.
The eight-headed hydra completely misses you.
You hit the eight-headed hydra.
The eight-headed hydra is lightly wounded.
Unknown command.
You strike the helpless eight-headed hydra from behind!
You perforate the eight-headed hydra like a sieve!!!
The eight-headed hydra is heavily wounded.
The eight-headed hydra bites you!
* * * LOW HITPOINT WARNING * * *
The eight-headed hydra bites you.
* * * LOW HITPOINT WARNING * * *
The eight-headed hydra bites you.
* * * LOW HITPOINT WARNING * * *
The eight-headed hydra barely misses you.
The eight-headed hydra closely misses you.
The eight-headed hydra misses you.
The eight-headed hydra closely misses you.
The eight-headed hydra bites you!
You die...

## #######
.#######..##.######
..#....#P...#...@D#
.#............P.PP....
.#.P..........P.P....P
..................P...
......#....#...#.#....
....###...#.P...##.
....###..<.P..^#..#.
....##÷..÷..........
.....##.PP..#.R†....


You could see an eight-headed hydra (confused).

Vanquished Creatures
  Snorg (Lair:6)
  7 hydras
  A catoblepas (Lair:4)
  A two-headed ogre (D:10)
  Urug (Lair:6)
  Pikel (D:5)
  A necromancer (Lair:2)
  An oklob plant (Lair:2)
  6 elephants
  A black mamba (Lair:5)
  17 cane toads
  Maggie (D:7)
  2 torpor snails
  A rime drake (Lair:3)
  11 komodo dragons
  A troll (D:9)
  A tyrant leech (Lair:3)
  A queen bee (Lair:3)
  A hornet (D:9)
  16 blink frogs
  A wraith (D:7)
  A jumping spider (Lair:2)
  Sigmund (D:6)
  26 yaks
  Eustachio (D:4)
  3 wyverns
  A shadow (D:9)
  9 basilisks
  Grum (D:9)
  A steam dragon (Lair:3)
  2 redbacks (Lair:2)
  Menkaure (D:7)
  A swamp worm (Lair:3)
  An acid dragon (D:7)
  15 water moccasins
  An ice beast (D:5)
  2 orc warriors
  4 sky beasts
  2 black bears
  12 wolves
  A necrophage (D:7)
  5 centaurs
  3 ogres
  A lemure (D:5)
  2 kobold brigands (D:7)
  A wyvern zombie (D:8)
  11 bullfrogs
  A gnoll sergeant (D:10)
  2 scorpions
  2 hexers
  31 killer bees
  7 wights
  A howler monkey (D:4)
  An electric eel (D:6)
  3 centaur zombies
  3 hounds (D:6)
  4 orc priests
  4 jellies
  2 centaur skeletons
  Jessica (D:2)
  A gnoll shaman (D:7)
  4 iguanas
  2 orc wizards
  A hell rat (Lair:3)
  A yak simulacrum (Lair:2)
  A hound skeleton (D:4)
  2 howler monkey zombies (D:8)
  Robin (D:2)
  19 gnolls
  8 adders
  A howler monkey skeleton (D:7)
  A river rat (Lair:3)
  4 white imps
  2 worms (D:2)
  5 dart slugs
  26 orcs
  11 bats
  11 endoplasms
  3 giant cockroaches
  6 hobgoblins
  4 jackals (D:1)
  2 quokkas (D:1)
  7 ball pythons
  18 frilled lizards
  13 goblins
  14 kobolds
  4 rats
  7 river rat simulacra (Lair:2)
424 creatures vanquished.

Vanquished Creatures (collateral kills)
  A hydra (Lair:3)
  A two-headed ogre (D:9)
  4 oklob plants (Lair:3)
  A black mamba (Lair:3)
  2 rime drakes
  A komodo dragon (Lair:5)
  2 blink frogs (Lair:6)
  A wraith (D:7)
  A wyvern (Lair:2)
  A basilisk (Lair:3)
  7 yaks
  Edmund (D:4)
  2 water moccasins
  An orc warrior (D:7)
  3 wolves
  2 centaurs (D:9)
  3 killer bees (Lair:3)
  A wight (D:10)
  An electric eel (D:9)
  A howler monkey (D:10)
  A centaur zombie (D:10)
  An iguana (D:7)
  A wolf simulacrum (Lair:2)
  2 orcs (D:8)
  2 river rat simulacra (Lair:2)
44 creatures vanquished.

Vanquished Creatures (others)
  2 dancing weapons
  11 hexers
  A kobold (D:7)
  23 fungi
  30 plants
67 creatures vanquished.

Grand Total: 535 creatures vanquished

Notes
Turn   | Place    | Note
-------+----------+-------------------------------------------
     0 | D:1      | Hasart the Kobold Enchanter began the quest for the Orb.
     0 | D:1      | Reached XP level 1. HP: 10/10 MP: 3/3
   215 | D:1      | Reached XP level 2. HP: 14/15 MP: 5/5
   563 | D:1      | Learned a level 2 spell: Ensorcelled Hibernation
   764 | D:1      | Found a faded altar of an unknown god.
   791 | D:1      | Reached XP level 3. HP: 9/19 MP: 1/6
  1589 | D:2      | Noticed Jessica
  1594 | D:2      | Killed Jessica
  1595 | D:2      | Reached XP level 4. HP: 24/24 MP: 4/7
  1657 | D:2      | Learned a level 3 spell: Confusing Touch
  1661 | D:2      | Learned a level 3 spell: Tukima's Dance
  1803 | D:2      | Noticed Robin
  1823 | D:2      | Killed Robin
  2154 | D:2      | Reached XP level 5. HP: 21/28 MP: 9/9
  2524 | D:2      | Identified a scroll of acquirement
  2524 | D:2      | Acquired the amulet of Idulog {Reflect Will+ SH+5 SInv}
  2994 | D:3      | Reached skill level 5 in Stealth
  3012 | D:3      | Reached skill level 1 in Ice Magic
  3139 | D:3      | Reached XP level 6. HP: 32/32 MP: 10/10
  3882 | D:4      | Noticed an ogre
  3893 | D:4      | Killed an ogre
  3894 | D:4      | Reached XP level 7. HP: 36/36 MP: 7/11
  4448 | D:4      | Reached skill level 5 in Hexes
  4830 | D:4      | Noticed Eustachio
  4837 | D:4      | Killed Eustachio
  4838 | D:4      | Reached skill level 1 in Evocations
  5092 | D:4      | Noticed Edmund
  5108 | D:4      | Killed Edmund
  5109 | D:4      | Reached XP level 8. HP: 39/41 MP: 2/13
  5410 | D:5      | Entered Level 5 of the Dungeon
  5536 | D:5      | Found Deor's Overcharged Wands.
  5565 | D:5      | Reached skill level 5 in Dodging
  5604 | D:5      | Noticed Pikel
  5635 | D:5      | Killed Pikel
  5636 | D:5      | Reached skill level 5 in Short Blades
  5636 | D:5      | Reached XP level 9. HP: 9/45 MP: 4/15
  5881 | D:5      | Found a staircase to the Ecumenical Temple.
  5887 | Temple   | Entered the Ecumenical Temple
  5960 | Temple   | Became a worshipper of Hepliaklqana the Forgotten
  7200 | D:6      | Learned a level 3 spell: Swiftness
  7567 | D:6      | Noticed Sigmund
  7573 | D:6      | Reached skill level 1 in Axes
  7604 | D:6      | Killed Sigmund
  7843 | D:6      | Reached skill level 1 in Air Magic
  8009 | D:7      | Found Wugatuz's Weapon Emporium.
  8073 | D:7      | Noticed Menkaure
  8374 | D:7      | Reached XP level 10. HP: 14/50 MP: 14/17
  8704 | D:7      | Reached skill level 5 in Spellcasting
  8874 | D:7      | Identified the ring of Dishonour {rN+ SInv}
  8935 | D:7      | Noticed Maggie
  8947 | D:7      | Killed Maggie
  8948 | D:7      | Reached skill level 1 in Fighting
  9030 | D:7      | Killed Menkaure
  9182 | D:7      | Reached * piety under Hepliaklqana
  9313 | D:7      | Paralysed by an orc warrior for 7 turns
 10071 | D:8      | Found Biseish's Distillery.
 10090 | D:8      | Found Piggisol's Weapon Shop.
 10172 | D:8      | Found a sparkling altar of Nemelex Xobeh.
 10444 | D:8      | Found Goibexza's Antique Armour Emporium.
 11402 | D:9      | Found a staircase to the Lair.
 11406 | D:9      | Reached skill level 5 in Evocations
 11406 | D:9      | Reached XP level 11. HP: 51/51 MP: 19/19
 11420 | D:9      | Noticed Grum
 11728 | D:9      | Killed Grum
 11803 | D:9      | Reached ** piety under Hepliaklqana
 11804 | D:9      | Remembered your ancestor Plame as a hexer
 11857 | D:9      | Found a runed translucent door.
 11858 | D:9      | Noticed a seven-headed hydra
 11863 | D:9      | Acquired the ring of Guodecam {Wiz +Blink rPois rC++ Int+4}
 11874 | D:9      | Noticed a two-headed ogre
 11942 | D:9      | Noticed a two-headed ogre
 11961 | D:9      | Killed a two-headed ogre
 11962 | D:9      | Reached skill level 5 in Ice Magic
 12658 | D:10     | Entered Level 10 of the Dungeon
 13342 | D:10     | Noticed a two-headed ogre
 13349 | D:10     | Killed a two-headed ogre
 13709 | Lair:1   | Entered Level 1 of the Lair of Beasts
 14065 | Lair:1   | Reached XP level 12. HP: 57/59 MP: 15/21
 14592 | Lair:1   | Reached skill level 10 in Stealth
 14841 | Lair:2   | Reached *** piety under Hepliaklqana
 15049 | Lair:2   | Noticed a four-headed hydra
 15058 | Lair:2   | Killed a four-headed hydra
 15155 | Lair:2   | Noticed a four-headed hydra
 15161 | Lair:2   | Killed a four-headed hydra
 15162 | Lair:2   | Reached skill level 10 in Hexes
 15162 | Lair:2   | Reached skill level 5 in Air Magic
 15267 | Lair:2   | Noticed a seven-headed hydra
 15269 | Lair:2   | Killed a seven-headed hydra
 15270 | Lair:2   | Reached skill level 5 in Fighting
 15504 | Lair:2   | Found a hole to the Spider Nest.
 16347 | Lair:3   | Reached XP level 13. HP: 64/64 MP: 21/24
 16632 | Lair:3   | Reached **** piety under Hepliaklqana
 17879 | Lair:3   | Reached skill level 10 in Short Blades
 17895 | Lair:3   | Noticed a six-headed hydra
 17931 | Lair:3   | Killed a six-headed hydra
 18287 | Lair:3   | Noticed a seven-headed hydra
 18298 | Lair:3   | Killed a seven-headed hydra
 18941 | Lair:3   | Noticed a seven-headed hydra
 18941 | Lair:3   | Noticed a seven-headed hydra
 19077 | Lair:3   | Reached skill level 10 in Dodging
 19513 | Lair:3   | Acquired a +5 quick blade
 19897 | Lair:3   | Killed a seven-headed hydra
 20136 | Lair:3   | Found a staircase to the Swamp.
 20231 | Lair:4   | Identified the +1 ring mail "Caaro" {Harm Dex+2 Slay+3}
 20682 | Lair:4   | Reached XP level 14. HP: 70/70 MP: 26/26
 21627 | Lair:5   | Reached ***** piety under Hepliaklqana
 22488 | Lair:6   | Entered Level 6 of the Lair of Beasts
 22490 | Lair:6   | Found a staircase to the Slime Pits.
 22491 | Lair:6   | Found a viscous altar of Jiyva.
 22528 | Lair:6   | Noticed Urug
 22548 | Lair:6   | Killed Urug
 23220 | Lair:6   | Noticed Snorg
 23225 | Lair:6   | Killed Snorg
 23499 | Lair:6   | Slain by an eight-headed hydra

Illustrated notes

Levels and vault maps discovered:
D:1:      pf_arrival_petrified_forest, layout_basic, basic_ecumenical_altar
D:2:      layout_basic, uniq_jessica, uniq_robin
D:3:      layout_rooms, minmay_lizard_king
D:4:      layout_loops_ring, serial_rivers, chequers_serial_rivers_marsh,
          chequers_serial_rivers_small_3, chequers_serial_rivers_micro_c,
          chequers_serial_rivers_large_a, chequers_serial_rivers_marsh,
          uniq_eustachio, uniq_edmund
D:5:      layout_basic, minmay_temple_entry_proselytizer,
          nicolae_shop_overcharged_wands, uniq_pikel
D:6:      layout_rooms, minmay_liquid_box, kennysheep_generic_room_4,
          uniq_sigmund
D:7:      cheibrodos_fzero, layout_basic, serial_shops, kennysheep_mini_moat,
          uniq_menkaure, uniq_maggie
D:8:      layout_cave_pods, nemelex_diamond_rough_becter, serial_shops, shop,
          nicolae_shop_hallway_stairs, nicolae_shop_trees
D:9:      layout_basic, lair_entry_dummy, grunt_decor_resistance,
          abandoned_shop, minmay_st_funbox, uniq_grum
D:10:     layout_rooms
Temple:   mainiacjoe_temple_archimedes_tessellation
Lair:1:   layout_hall_layers, grunt_megastairs_3, infiniplex_staircase_pool_2,
          serial_bayou_shore_b
Lair:2:   layout_regular_city, spider_nest_entry_funnel_web,
          minmay_lair_oklob_items, eino_house_with_fridge
Lair:3:   hangedman_what_comes_after_a, layout_chaotic_city,
          palyth_hydra_swamp_entry
Lair:4:   layout_roguey, serial_bayou_shore_b, grunt_megastairs_1
Lair:5:   layout_long_grid, eino_small_chamber_without_monster,
          beast_lair_carwin_1
Lair:6:   hellmonk_lair_end_abyssal_woods, layout_loops_ring, slime_altar_1,
          grunt_megastairs_5, uniq_snorg, uniq_urug

Skill      XL: |  1  2  3  4  5  6  7  8  9 10 11 12 13 14 |
---------------+-------------------------------------------+-----
Short Blades   | 2 3 4 5 6 7 9 10 | 10.0
Dodging        | 3 4 5 6 7 8 10 11 | 11.1
Hexes          | 4 5 6 7 8 9 10 12 13 | 13.1
Stealth        | 5 6 7 8 9 10 12 13 | 13.3
Ice Magic      | 1 2 3 4 5 |  5.0
Spellcasting   | 3 4 5 6 7 8 9 |  9.3
Evocations     | 1 3 4 5 6 7 |  7.8
Axes           | 2 3 4 |  4.9
Air Magic      | 1 2 4 5 |  5.0
Fighting       | 2 3 5 |  5.0
Maces & Flails | |  0.6

Action                   |  1- 3 |  4- 6 |  7- 9 | 10-12 | 13-15 || total
-------------------------+-------+-------+-------+-------+-------++-------
Melee: Dagger            |   123 |   228 |   338 |   456 |   454 ||  1599
       Punch             |       |     3 |    10 |    10 |     4 ||    27
       Whip              |       |       |    32 |       |       ||    32
       Hand axe          |       |       |     6 |       |       ||     6
 Cast: Ensorcelled Hiber |    12 |    49 |    41 |    88 |   116 ||   306
       Confusing Touch   |       |     1 |     5 |    15 |    10 ||    31
       Tukima's Dance    |       |       |     3 |     5 |     1 ||     9
       Swiftness         |       |       |       |     1 |     2 ||     3
Invok: Ancestor Identity |       |       |       |     1 |       ||     1
       Recall Ancestor   |       |       |       |     1 |       ||     1
       Ancestor Life: He |       |       |       |     1 |       ||     1
Evoke: Wand              |       |       |       |     4 |     4 ||     8
  Use: Scroll            |       |     3 |    11 |     7 |     8 ||    29
       Potion            |       |       |       |       |     1 ||     1
 Stab: Sleeping          |    18 |    40 |    53 |    78 |    78 ||   267
       Distracted        |       |     1 |     2 |     5 |     8 ||    16
       Confused          |       |     2 |     6 |    22 |    18 ||    48
Armor: Robe              |    12 |     2 |    26 |    55 |    50 ||   145
       Animal skin       |       |    31 |    13 |       |       ||    44
Dodge: Dodged            |   104 |   208 |   190 |   256 |   349 ||  1107
Block: Other             |       |    28 |    59 |    74 |    83 ||   244
       Reflection        |       |       |     1 |     2 |       ||     3

Table legend: (Time is in decaauts)
 A = Elapsed time spent in this place.
 B = Non-inter-level travel time spent in this place.
 C = Inter-level travel time spent in this place.
 D = Time resting spent in this place.
 E = Time spent auto-exploring this place.
 F = Levels seen in this place.
 G = Mean time per level.
                   A        B        C        D        E       F      G
               +--------+--------+--------+--------+--------+-----+--------+
         Total |  22905 |  22334 |    571 |   3843 |  14602 |  17 | 1347.4 |
       Dungeon |  13242 |  12962 |    280 |   2151 |   8416 |  10 | 1324.2 |
        Temple |    131 |     73 |     58 |      0 |     60 |   1 |  131.0 |
          Lair |   9530 |   9297 |    233 |   1692 |   6125 |   6 | 1588.3 |
               +--------+--------+--------+--------+--------+-----+--------+

Top non-repeatable levels by time:
  Lair:3: 2975 daAuts
  Lair:2: 2264 daAuts
     D:7: 1542 daAuts
     D:4: 1531 daAuts
     D:8: 1530 daAuts
     D:5: 1504 daAuts
     D:1: 1458 daAuts
     D:2: 1385 daAuts
     D:6: 1306 daAuts
  Lair:5: 1285 daAuts
  Lair:1: 1062 daAuts
  Lair:4: 1044 daAuts
     D:9: 1033 daAuts
    D:10: 1006 daAuts
     D:3: 944 daAuts
